 Dungeon Crawl Stone Soup version 0.20.1-1-g8b1a95d (webtiles) character file.

6048 equalderp2856 the Cleaver (level 10, -6/76 HPs)
             Began as a Mummy Fighter on Oct 25, 2017.
             Mangled by a killer bee (9 damage)
             ... on level 9 of the Dungeon.
             The game lasted 00:33:32 (14541 turns).

equalderp2856 the Cleaver (Mummy Fighter)          Turns: 14541, Time: 00:33:33

Health: -6/76      AC: 15    Str: 20    XL:     10   Next: 57%
Magic:  0/20       EV:  4    Int: 11    God:
Gold:   395        SH: 10    Dex: 11    Spells: 20/23 levels left

rFire    x . .     SeeInvis .   z - +2 war axe (freeze)
rCold    + + .     Gourm    .   c - +0 shield
rNeg     + + +     Faith    .   i - +0 plate armour
rPois    ∞         Spirit   +   (no helmet)
rElec    .         Reflect  .   g - scarf {Spirit}
rCorr    .         Harm     .   f - +0 pair of gloves
MR       +....                  t - +0 pair of boots
Stlth    ..........             (no amulet)
Regen    0.3/turn               h - ring of protection from cold
MPRegen  0.2/turn               (no ring)

@: no status effects
A: no food or potions, fire vulnerability, cold resistance 1, negative energy
resistance 3, torment resistance, unbreathing
a: no special abilities


You were on level 9 of the Dungeon.
You were not hungry.

You visited 1 branch of the dungeon, and saw 9 of its levels.

You collected 395 gold pieces.

Inventory:

Hand Weapons
 a - a +0 war axe
 k - a +2 spear of piercing
 y - a +0 trident
 z - a +2 war axe of freezing (weapon)
Armour
 b - a +0 scale mail
 c - a +0 shield (worn)
 f - a +0 pair of gloves (worn)
 g - a scarf of spirit shield (worn)
 i - a +0 plate armour (worn)
 q - a +0 cloak
 s - a +0 plate armour
 t - a +0 pair of boots (worn)
 D - a +0 pair of boots
Jewellery
 h - a ring of protection from cold (left hand)
 C - an uncursed ring of ice {unknown}
Wands
 n - a wand of enslavement (0/24)
 u - a wand of lightning (0/15)
Scrolls
 d - 13 scrolls of identify {unknown}
 e - 2 scrolls of enchant armour {unknown}
 j - 2 scrolls of noise {unknown}
 l - 2 scrolls of recharging
 m - a scroll of blinking {unknown}
 o - a scroll of fog {unknown}
 p - a scroll of remove curse
 v - 2 scrolls of enchant weapon {unknown}
 x - 2 scrolls of fear {unknown}
 A - a scroll of acquirement {unknown}
Books
 w - a book of Minor Magic

   Spells                             Type                      Level
   a - Magic Dart                     Conjuration                  1
   b - Blink                          Translocation                2
   c - Call Imp                       Summoning                    2
   d - Slow                           Hexes                        2
   e - Conjure Flame                  Conjuration/Fire             3
   f - Mephitic Cloud                 Conjuration/Poison/Air       3
 B - a book of Changes

   Spells                             Type                      Level
   a - Beastly Appendage              Transmutation                1
   b - Sticks to Snakes               Transmutation                2
   c - Spider Form                    Transmutation/Poison         3
   d - Ice Form                       Ice/Transmutation            4
   e - Blade Hands                    Transmutation                5


   Skills:
 + Level 5.7 Fighting
 * Level 9.4 Axes
 + Level 5.5 Armour
 + Level 1.1 Dodging
 + Level 0.5 Stealth
 + Level 5.3 Shields
 * Level 7.3 Spellcasting
 + Level 0.7 Evocations


You had 20 spell levels left.
You knew the following spells:

 Your Spells              Type           Power        Failure   Level  Hunger
a - Magic Dart            Conj           #...         100%        1    N/A
b - Blink                 Tloc           N/A          100%        2    N/A

Dungeon Overview and Level Annotations

Branches:
Dungeon (9/15)             Temple (0/1) D:6
   Lair: D:8-11         Orc: D:9-12

Altars:

Shops:
D:4 *[!%}   D:7 (

Annotations:
D:8 Maurice


Innate Abilities, Weirdness & Mutations

You do not eat or drink.
Your flesh is vulnerable to fire.
You are immune to poison.
Your flesh is cold resistant. (rC+)
You are immune to negative energy. (rN+++)
You are immune to unholy pain and torment.
You can survive without breathing.


Message History

The killer bee stings you!
* * * LOW HITPOINT WARNING * * *
The killer bee stings you but does no damage.
Unknown command.
Evoke which item? (* to show all) (? for menu, Esc to quit)
Aiming: Enslavement (will waste charges)
Press: ? - help, Shift-Dir - straight line, f - killer bee
Aim: a killer bee (severely wounded, berserk, fast, unusually strong, chance to defeat MR: 56%) Nothing appears to happen.
The killer bee stings you!
* * * LOW HITPOINT WARNING * * *
You block the killer bee's attack.
The killer bee stings you but does no damage.
The queen bee stings you but does no damage.
Unknown command.
As you read the scroll labeled UPUED ENEAS, it crumbles to dust.
You feel as if something is helping you.
It was a scroll of remove curse.
The killer bee stings you but does no damage.
The killer bee stings you!
You die...

####### #........#########
......# #.................
......# #.................
......######.................
...........................#
(..........................#
..<..............†.........#
....###########.yy.........#
....# #.@###''##...# #####
#### #### ##.# #


You could see a queen bee and a killer bee (berserk).

Vanquished Creatures
  A two-headed ogre (D:9)
  A cyclops (D:8)
  Joseph (D:7)
  A hippogriff (D:5)
  A wyvern (D:9)
  4 yaks (D:8)
  A water moccasin (D:5)
  An ice beast (D:5)
  A black bear (D:5)
  A sky beast (D:9)
  12 killer bees
  3 ogres
  3 centaurs
  2 bullfrogs (D:6)
  2 scorpions
  9 wights
  4 howler monkeys
  4 crimson imps (D:7)
  3 bullfrog zombies
  3 jellies (D:6)
  3 bullfrog skeletons
  5 orc priests
  6 hounds
  5 orc wizards
  6 worker ants
  A hound zombie (D:6)
  8 gnolls
  5 adders
  A shadow imp (D:5)
  An ooze (D:2)
  An adder zombie (D:8)
  An adder skeleton (D:7)
  3 worms
  A dart slug (D:3)
  A leopard gecko (D:2)
  25 orcs
  3 ball pythons
  6 bats
  5 giant cockroaches
  9 goblins
  10 hobgoblins
  26 jackals
  3 quokkas
  5 frilled lizards (D:2)
  10 kobolds
  A quokka zombie (D:8)
  3 rats
212 creatures vanquished.

Vanquished Creatures (collateral kills)
  A yak (D:9)
  A steam dragon (D:9)
  A sky beast (D:7)
  4 wights (D:9)
  An orc wizard (D:9)
  An adder (D:7)
9 creatures vanquished.

Vanquished Creatures (others)
  A killer bee (D:7)
1 creature vanquished.

Grand Total: 222 creatures vanquished

Notes
Turn   | Place    | Note
-------+----------+-------------------------------------------
     0 | D:1      | equalderp2856 the Mummy Fighter began the quest for the Orb.
     0 | D:1      | Reached XP level 1. HP: 18/18 MP: 1/1
   186 | D:1      | Reached XP level 2. HP: 23/24 MP: 2/2
  1186 | D:2      | Reached XP level 3. HP: 27/29 MP: 3/3
  1310 | D:2      | Reached skill level 2 in Axes
  1854 | D:2      | Reached XP level 4. HP: 34/36 MP: 2/4
  3221 | D:3      | Reached XP level 5. HP: 39/42 MP: 3/5
  3590 | D:3      | Found a faded altar of an unknown god.
  3660 | D:3      | Reached skill level 3 in Axes
  3946 | D:4      | Found Eczoc's General Store.
  3946 | D:4      | Noticed an ogre
  3987 | D:3      | Reached skill level 1 in Spellcasting
  4191 | D:4      | Found Norghypsy's Distillery.
  4225 | D:4      | Found Banas's Food Boutique.
  4238 | D:4      | Found Fireju's Armour Shop.
  4481 | D:4      | Found Kiodoul's Gadget Shop.
  4723 | D:5      | Entered Level 5 of the Dungeon
  4723 | D:5      | Noticed a water moccasin
  4757 | D:5      | Reached XP level 6. HP: 46/48 MP: 7/7
  5159 | D:5      | Reached skill level 4 in Axes
  5394 | D:5      | Killed a water moccasin
  5394 | D:5      | Reached XP level 7. HP: 39/54 MP: 6/9
  6620 | D:6      | Reached skill level 5 in Axes
  6783 | D:6      | Found a staircase to the Ecumenical Temple.
  6844 | D:6      | Learned a level 1 spell: Magic Dart
  6847 | D:6      | Learned a level 2 spell: Blink
  6928 | D:6      | Reached XP level 8. HP: 48/60 MP: 9/12
  7642 | D:7      | Noticed a hippogriff
  7974 | D:5      | Killed a hippogriff
  7974 | D:5      | Reached skill level 6 in Axes
  8204 | D:7      | Found Maxkox's Antique Weapon Boutique.
  8853 | D:7      | Reached skill level 7 in Axes
  8853 | D:7      | Reached XP level 9. HP: 66/66 MP: 15/15
  8950 | D:8      | Noticed Maurice
  9172 | D:7      | Reached skill level 5 in Spellcasting
  9329 | D:8      | Noticed a two-headed ogre
  9883 | D:9      | Reached skill level 5 in Fighting
  9895 | D:9      | Noticed a two-headed ogre
 10269 | D:8      | Noticed a cyclops
 10331 | D:8      | Killed a cyclops
 10331 | D:8      | Reached skill level 8 in Axes
 10331 | D:8      | Reached skill level 1 in Dodging
 10546 | D:8      | Noticed Joseph
 11105 | D:7      | Killed Joseph
 11807 | D:7      | Noticed a two-headed ogre
 12124 | D:7      | Reached skill level 5 in Armour
 12231 | D:8      | Noticed a two-headed ogre
 12300 | D:6      | Reached skill level 5 in Shields
 13041 | D:9      | Reached XP level 10. HP: 29/74 MP: 8/19
 13474 | D:8      | Noticed a two-headed ogre
 13802 | D:8      | Noticed a two-headed ogre
 13881 | D:9      | Reached skill level 9 in Axes
 13897 | D:9      | Killed a two-headed ogre
 14540 | D:9      | HP: 3/76 [killer bee (7)]
 14541 | D:9      | Mangled by a killer bee

Skill      XL: |  1  2  3  4  5  6  7  8  9 10 |
---------------+-------------------------------+-----
Axes           | 2 3 4 5 7 8 9 |  9.4
Shields        | 3 4 5 |  5.3
Spellcasting   | 1 3 4 6 7 |  7.3
Fighting       | 4 5 |  5.7
Armour         | 3 4 5 |  5.5
Dodging        | 1 |  1.1
Stealth        | |  0.5
Evocations     | |  0.7

Action                   |  1- 3 |  4- 6 |  7- 9 | 10-12 || total
-------------------------+-------+-------+-------+-------++-------
Melee: War axe           |   130 |   355 |   499 |   107 ||  1091
Evoke: Wand              |       |       |     6 |     8 ||    14
  Use: Scroll            |       |       |     4 |     1 ||     5
Armor: Scale mail        |    23 |       |       |       ||    23
       Plate armour      |    66 |   296 |   395 |    89 ||   846
Dodge: Dodged            |    26 |    58 |   105 |    31 ||   220
Block: Shield            |    64 |   197 |   325 |    65 ||   651
